 Dungeon Crawl Stone Soup version 0.25-a0-571-gb5e01bddfa (webtiles) character file.

Game seed: 23233168624500188, levelgen mode: deterministic

171 Amnekian the Covert (level 5, -6/43 HPs)
             Began as a Naga Ice Elementalist on Feb 29, 2020.
             Was an Initiate of Zin.
             Mangled by Menkaure (14 damage)
             ... on level 4 of the Dungeon.
             The game lasted 00:16:24 (3823 turns).

Amnekian the Covert (Naga Ice Elementalist)         Turns: 3823, Time: 00:16:25

Health: -6/43      AC:  8    Str: 11    XL:     5   Next: 51%
Magic:  8/8        EV:  8    Int: 16    God:    Zin [......]
Gold:   82         SH:  0    Dex: 11    Spells: 7/8 levels left

rFire    . . .     SeeInvis +   n - +0 falchion
rCold    . . .     Gourm    .   (no shield)
rNeg     . . .     Faith    .   k - +0 ring mail
rPois    +         Spirit   .   f - +0 helmet
rElec    .         Reflect  .   r - scarf {cloud immunity}
rCorr    .         Harm     .   x - +2 pair of gloves
MR       .....                  (no barding)
Stlth    +++.......             (no amulet)
HPRegen  0.14/turn              (no ring)
MPRegen  0.11/turn              (no ring)

@: brilliant, very slow
A: large, see invisible, deformed body, poison resistance, slowness 2, slow
metabolism 1, spit poison 1, AC +1
a: Spit Poison, Donate Gold, Renounce Religion


You were on level 4 of the Dungeon.
You worshipped Zin.
Zin was noncommittal.
You were not hungry.

You visited 2 branches of the dungeon, and saw 5 of its levels.

You collected 91 gold pieces.
You donated 9 gold pieces to Zin.

Inventory:

Hand Weapons
 e - a +0 mace
 l - a +0 hunting sling
 n - a +0 falchion (weapon)
Missiles
 b - 43 poisoned darts
 d - 104 stones (quivered)
Armour
 a - a +0 robe
 f - a +0 helmet (worn)
 k - a +0 ring mail (worn)
 r - a scarf of cloud immunity (worn)
 x - a +2 pair of gloves (worn)
Scrolls
 g - 4 scrolls of identify {unknown}
 i - 4 scrolls of random uselessness
 j - 2 scrolls of blinking {unknown}
 o - 2 scrolls of teleportation {unknown}
 p - 2 scrolls of enchant weapon {unknown}
 t - 2 scrolls of magic mapping {unknown}
Potions
 s - a potion of curing {unknown}
 u - a potion of haste {unknown}
 v - a potion of ambrosia {unknown}
Comestibles
 c - 7 rations


   Skills:
 + Level 0.6 Fighting
 * Level 1.2 Long Blades
 - Level 1.5 Dodging
 - Level 8.2 Stealth
 - Level 2.0 Spellcasting
 - Level 4.0 Ice Magic


You had 7 spell levels left.
You knew the following spells:

 Your Spells              Type           Power        Failure   Level  Hunger
a - Freeze                Ice            ###.         10%         1    None

Your spell library contained the following spells:

 Spells                   Type           Power        Failure   Level  Hunger
 Frozen Ramparts          Ice            ###...       28%         3    None
 Ozocubu's Armour         Chrm/Ice       ##......     54%         3    None
 Hailstorm                Conj/Ice       ##......     91%         4    None
 Summon Ice Beast         Ice/Summ       ##......     91%         4    None


Dungeon Overview and Level Annotations

Branches:
Dungeon (4/15)             Temple (1/1) D:4

Altars:
Ashenzari
Cheibriados
Dithmenos
Gozag
Hepliaklqana
Makhleb
Nemelex Xobeh
Okawaru
Qazlal
Ru
Trog
Uskayaw
Vehumet
Wu Jian
Yredelemnul
Zin

Annotations:
D:3 3 runed translucent doors, 1 exclusion, Beaer's ghost, amateur OpAs; Natasha; Terence
D:4 1 exclusion, Menkaure


Innate Abilities, Weirdness & Mutations

You cannot wear boots.
Your serpentine skin is tough. (AC +1)
You have supernaturally acute eyesight. (SInv)
Armour fits poorly on your strangely shaped body.
Your system is resistant to poisons. (rPois)
You cover ground very slowly.
You have a slow metabolism.
You can spit poison.


Message History

As you read the scroll labeled CENACK EZXADU, it crumbles to dust.
The dust glows dark lavender!
It was a scroll of random uselessness.
As you read the scroll labeled DAICEV TEYSCH, it crumbles to dust.
You assume a fearsome visage.
Menkaure is unaffected.
The adder looks frightened!
The adder hisses angrily.
It was a scroll of fear.
Menkaure calls on the powers of darkness!
Your body is wracked with pain!
The adder convulses!
Menkaure's bandages flutter.
Menkaure barely misses you.
As you read the scroll labeled XUIZOPP MOZEBA, it crumbles to dust.
You feel blessed for a moment.
It was a scroll of remove curse.
Menkaure hits you!
* * * LOW HITPOINT WARNING * * *
Okay, then.
It was a potion of brilliance.
You feel clever all of a sudden. Menkaure hits you!
You die...

#.#.....#.........##
#.#.....#..........#
#.#...###........#.# .
#.#...###........#.# ..
#......##......###.#
...#..)...##..[.#.# #.#
...'......##....#.# #.##
...#.......#....#.###..#
...#...@...#....#.......
.. #..M....####.######.#
#.......# #.#.......
#.......####.#.####.#
.'............#.# #..
..##############.# #..
... #......#.# #.. ...
#.####.#.####..
....#######.# #.#.#.....


You could see Menkaure.

Vanquished Creatures
  A worker ant (D:4)
  6 adders
  2 howler monkey skeletons (D:4)
  An ooze (D:4)
  An adder skeleton (D:4)
  A worm (D:3)
  A dart slug (D:2)
  2 leopard geckos (D:1)
  4 giant cockroaches
  5 goblins (D:1)
  9 hobgoblins
  6 jackals (D:4)
  5 kobolds
  A ball python (D:1)
  7 bats
  2 frilled lizards
  7 rats
61 creatures vanquished.

Vanquished Creatures (others)
  2 fungi (D:3)
  2 plants (D:3)
4 creatures vanquished.

Grand Total: 65 creatures vanquished

Notes
Turn   | Place    | Note
-------+----------+-------------------------------------------
     0 | D:1      | Amnekian the Naga Ice Elementalist began the quest for the
                  | Orb.
     0 | D:1      | Reached XP level 1. HP: 15/15 MP: 3/3
    64 | D:1      | Reached skill level 4 in Stealth
    64 | D:1      | Reached XP level 2. HP: 7/22 MP: 5/5
   516 | D:1      | Reached skill level 5 in Stealth
   786 | D:1      | Reached XP level 3. HP: 19/28 MP: 6/6
  1235 | D:2      | Reached skill level 6 in Stealth
  1512 | D:2      | Reached XP level 4. HP: 20/36 MP: 4/7
  1877 | D:2      | Reached skill level 7 in Stealth
  2209 | D:3      | Found a shadowy altar of Dithmenos.
  2362 | D:3      | Found a runed translucent gate.
  2362 | D:3      | Found a runed translucent gate.
  2362 | D:3      | Found a runed translucent gate.
  2366 | D:3      | Noticed a big kobold
  2367 | D:3      | Noticed Beaer's ghost (amateur OpAs)
  2586 | D:3      | Noticed Natasha
  2751 | D:3      | Found a basalt altar of Yredelemnul.
  2770 | D:3      | Noticed Terence
  3057 | D:4      | Reached skill level 8 in Stealth
  3057 | D:4      | Reached XP level 5. HP: 38/42 MP: 8/8
  3178 | D:4      | Found a staircase to the Ecumenical Temple.
  3197 | Temple   | Entered the Ecumenical Temple
  3465 | Temple   | Became a worshipper of Zin the Law-Giver
  3556 | D:4      | Reached * piety under Zin
  3556 | D:4      | Reached skill level 1 in Long Blades
  3731 | D:4      | Noticed Menkaure
  3823 | D:4      | Mangled by Menkaure

Levels and vault maps discovered:
D:1:      lightli_arrival_statuegarden, layout_loops_ring, minmay_crystal_water
D:2:      layout_basic, first_ration
D:3:      layout_basic, lemuel_coloured_pillars_altar,
          grunt_dithmenos_smoke_and_mirrors, yredelemnul_altar_generic,
          gammafunk_ghost_nasty_kobolds, minmay_snake_closets, uniq_natasha,
          uniq_terence
D:4:      layout_basic, minmay_temple_entry_tees, uniq_menkaure
Temple:   eino_temple_water

Skill      XL: |  1  2  3  4  5 |
---------------+----------------+-----
Stealth        | 4 5 6 8 |  8.2
Long Blades    | 1 |  1.2
Fighting       | |  0.6
Dodging        | |  1.5
Spellcasting   | |  2.0
Ice Magic      | |  4.0

Action                   |  1- 3 |  4- 6 || total
-------------------------+-------+-------++-------
Melee: Mace              |    80 |     2 ||    82
       Unarmed           |     5 |       ||     5
       Falchion          |       |   138 ||   138
Throw: Stone             |     6 |    12 ||    18
 Cast: Freeze            |     8 |    18 ||    26
  Use: Scroll            |       |     3 ||     3
       Potion            |       |     1 ||     1
 Stab: Sleeping          |     3 |     3 ||     6
  Eat: Chunk             |     1 |     7 ||     8
Armor: Robe              |    21 |       ||    21
       Ring mail         |     6 |   107 ||   113
Dodge: Dodged            |    60 |    96 ||   156
       Rpst.: Falchion   |       |    36 ||    36

Table legend:
 A = Non-vault XP
 B = Vault XP
 C = Vault XP percentage of total XP
 D = Non-vault monster count
 E = Vault monster count
 F = Vault count percentage of total count
                 A         B        C        D         E       F
            +---------+---------+-------+---------+---------+-------
      Total |     245 |       0 |   0.0 |      61 |       0 |   0.0
            +---------+---------+-------+---------+---------+-------
        D:1 |      49 |       0 |   0.0 |      28 |       0 |   0.0
        D:2 |      62 |       0 |   0.0 |      15 |       0 |   0.0
        D:3 |      34 |       0 |   0.0 |       5 |       0 |   0.0
        D:4 |     100 |       0 |   0.0 |      13 |       0 |   0.0
            +---------+---------+-------+---------+---------+-------
